 Dungeon Crawl Stone Soup version 0.29.1-15-g9cfb28693d (webtiles) character file.

Game seed: 7466801894088293597

26926 redmage the Dealer of Despair (level 14, -11/121 HPs)
             Began as a Meteoran Earth Elementalist on Sept 15, 2023.
             Was an Elder of Kikubaaqudgha.
             Mangled by a rockslime (40 damage)
             ... on level 2 of the Pits of Slime.
             The game lasted 01:05:23 (3087 turns).

redmage the Dealer of Despair (MeEE)                Turns: 3087, Time: 01:05:35

Health: -11/121    AC:  8    Str: 10    XL:     14   Next: 0%
Magic:  12/29      EV: 13    Int: 24    God:    Kikubaaqudgha [****..]
Gold:   540        SH:  0    Dex: 16    Spells: 6/33 levels left

rFire   . . .      SeeInvis +   d - +4 hand axe (elec)
rCold   . . .      Faith    .   (no shield)
rNeg    . . .      Spirit   .   z - +2 robe of Minor Irritation {rPois Int+3 Slay+2 SInv}
rPois   +          Reflect  .   (no helmet)
rElec   .          Harm     .   (no cloak)
rCorr   .          Rampage  .   p - +1 pair of gloves {hurl}
Will    +....                   k - +1 pair of boots
Stlth   +.........              h - amulet of regeneration
HPRegen 1.10/turn               (no ring)
MPRegen 0.21/turn               (no ring)

@: death channelling, marked, forested, animating dead, glowing, studying
Fighting
A: sense surroundings 2, otherworldly, glowing, explore regen
a: Renounce Religion, Unearth Wretches


You were on level 2 of the Pits of Slime.
You worshipped Kikubaaqudgha.
Kikubaaqudgha was greatly pleased with you.
You visited 4 branches of the dungeon, and saw 17 of its levels.
You also visited: Volcano.

You collected 540 gold pieces.

Inventory:

Hand Weapons
 d - a +4 hand axe of electrocution (weapon)
 n - the +2 mace of the Jumping Gods {vorpal, Fly Str-2 Int+2}
   (You found it on level 8 of the Dungeon)

   It inflicts extra damage upon your enemies.
   Str:       It affects your strength (-2).
   Int:       It affects your intelligence (+2).
   Fly:       It grants you flight.
Missiles
 f - 5 atropa-tipped darts (quivered)
Armour
 i - a +0 pair of gloves
 k - a +1 pair of boots (worn)
 p - a +1 pair of gloves of hurling (worn)
 z - the +2 robe of Minor Irritation (worn) {rPois Int+3 Slay+2 SInv}
   (You found it on level 2 of the Lair of Beasts)

   Int:       It affects your intelligence (+3).
   Slay:      It affects your accuracy & damage with ranged weapons and melee
   (+2).
   rPois:     It protects you from poison.
   SInv:      It lets you see invisible.
Jewellery
 a - an amulet of the acrobat
 h - an amulet of regeneration (around neck)
Wands
 m - a wand of flame (18)
 q - a wand of polymorph (6)
 t - a wand of mindburst (8)
 u - a wand of charming (2)
Scrolls
 g - 2 scrolls of enchant armour
Potions
 b - a potion of magic
 e - 3 potions of mutation
 j - 2 potions of ambrosia
 l - 7 potions of curing {unknown}
 o - 2 potions of degeneration {unknown}
 r - a potion of cancellation {unknown}
 s - a potion of attraction {unknown}
 x - a potion of flight {unknown}


   Skills:
 - Level 10.0 Fighting
 - Level 4.0 Dodging
 - Level 1.4 Stealth
 - Level 10.0 Spellcasting
 - Level 4.0 Conjurations
 - Level 8.0 Summonings
 + Level 14.0 Necromancy
 - Level 8.0 Translocations
 - Level 1.2 Transmutations
 - Level 10.0 Ice Magic
 - Level 8.0 Earth Magic


You had 6 spell levels left.
You knew the following spells:

 Your Spells              Type           Power      Damage    Failure   Level
a - Sandblast             Erth           100%       2d20      1%          1
b - Passwall              Tmut/Erth      28%        N/A       1%          2
c - Stone Arrow           Conj/Erth      80%        3d12      1%          3
d - Summon Forest         Summ/Tloc      25%        N/A       5%          5
e - Simulacrum            Ice/Necr       31%        N/A       6%          6
f - Animate Dead          Necr           68%        N/A       1%          4
g - Death Channel         Necr           34%        N/A       2%          6

Your spell library contained the following spells:

 Spells                   Type           Power      Damage    Failure   Level
 Necrotise                Necr           100%       1d9       0%          1
 Vampiric Draining        Necr           68%        2d10      1%          3
 Agony                    Necr           68%        N/A       1%          5
 Borgnjor's Vile Clutch   Necr/Erth      30%        N/A       1%          5
 Anguish                  Hex/Necr       22%        N/A       3%          4
 Sting                    Tmut/Pois      56%        1d5       4%          1
 Poisonous Vapours        Pois/Air       24%        N/A       8%          2
 Corpse Rot               Necr/Pois/Air  34%        N/A       8%          4
 Petrify                  Tmut/Erth      34%        N/A       8%          4
 Olgreb's Toxic Radiance  Pois           12%        N/A       45%         4
 Eringya's Noxious Bog    Tmut/Pois      7%         N/A       99%         6
 Summon Hydra             Summ           25%        N/A       86%         7


Dungeon Overview and Level Annotations

Branches:
Dungeon (9/15) Zot: 3348   Temple (1/1) D:7 Zot: 545    Lair (5/5) D:9 Zot: 1998
 Shoals (0/4) Lair:2       Spider (0/4) Lair:2        Slime (2/5) Lair:5 Zot: 1120
Volcano (visited)
    Orc: D:9-12

Altars:
Ashenzari
Fedhas
Kikubaaqudgha
Ru
Yredelemnul
Jiyva

Shops:
D:1 (   D:7 (

Annotations:
D:3 1 transporter, Xrynn's ghost, amateur MiFi
Lair:2 pparamo97's ghost, journeyman GrEE


Innate Abilities, Weirdness & Mutations

You passively map the area around you.
You are easily found by Zot.
You glow in the dark.
You regain HP and MP as you explore.


Message History

The rockslime hits you!!!
* * * LOW HITPOINT WARNING * * *
You hold your ground!
The slime creature hits you.
* * * LOW HITPOINT WARNING * * *
The slime creature hits your dryad.
Your slime creature simulacrum hits the slime creature!
The slime creature dies!
Kikubaaqudgha accepts your kill.
A freezing mist starts to gather... x3; A glowing mist starts to gather...
A large slime creature splits.
Something hits your slime creature simulacrum!
Your spectral slime creature hits the large slime creature!
You have reached level 14!
Unknown command.
You feel much better.
Your snaplasher vine hits the large slime creature.
The rockslime hits you!!!
* * * LOW HITPOINT WARNING * * *
You stumble backwards!
A slime creature comes into view.
The slime creature hits you but does no damage.
Two slime creatures merge to form a very large slime creature.
The large slime creature hits your snaplasher vine!!!
Your snaplasher vine is destroyed!
Two slime creatures merge to form a large slime creature.
The wall melts your slime creature simulacrum!
A slime creature comes into view. x2
The large slime creature quivers.
Unknown command.
Unknown command.
Okay, then.
You feel much better. The rockslime hits you!
* * * LOW HITPOINT WARNING * * *
You stumble backwards!
Your slime creature simulacrum hits the large slime creature.
The large slime creature dies!
Kikubaaqudgha accepts your kill.
A glowing mist starts to gather...
The rockslime hits you!!!
You die...
Kikubaaqudgha rasps: "You have failed me!
Welcome... death!"

, , .~.~~~.♣.Z........
** , ,
♣~~~~~.♣.ZZ....#.., ,
,,
,♣....ZZ..ZZ.Z...#.,,**
* ...♣..ZZ♣ZR.Z..... **
#....ZZ♣..Z......., *
,*....♣#.ZZZZ....J.., *
.......JZJ..♣..J..,
..#.....J....J..## , *
* , * #.#...@........#
*, #..............## *
, ...............## , ,
..............##, ,*
............## * , ~
#...#.......# ,,, ,,
#.####.....## ** , ..
,#...### * * , * , ,


You could see a very large slime creature, a large slime creature (drained), 3
slime creatures, a rockslime (ally target), a friendly dryad (summoned), 9
friendly spectral slime creatures, 5 friendly slime creature simulacra and 5
friendly slime creature zombies.

Vanquished Creatures
  A two-headed ogre (D:9)
  A death yak (Lair:2)
  3 elephants
  2 black mambas (Lair:3)
  A gargoyle (D:8)
  2 cane toads
  2 komodo dragons
  6 blink frogs
  2 slime creatures
  A hornet (D:9)
  A wyvern (D:9)
  2 redbacks (Lair:2)
  A yak (Lair:1)
  A steam dragon (D:7)
  9 water moccasins
  2 orc warriors
  A sky beast (D:7)
  A black bear (D:6)
  2 wolves (Lair:5)
  2 centaurs
  2 kobold brigands
  5 bullfrogs
  2 necrophages
  3 scorpions
  6 wights
  4 killer bees (D:8)
  A howler monkey (D:8)
  4 jellies
  A hound (D:4)
  5 orc priests
  A gnoll bouda (D:8)
  7 orc wizards
  7 gnolls
  3 adders
  A shadow imp (D:8)
  A white imp (D:8)
  An ufetubus (D:5)
  A worm (D:4)
  3 dart slugs
  14 orcs
  2 hobgoblins
  2 jackals (D:4)
  12 kobolds
  2 quokkas
  A ball python (D:4)
  A bat (D:1)
  2 frilled lizards
  4 rats
141 creatures vanquished.

Vanquished Creatures (collateral kills)
  An acid blob (Slime:1)
  An azure jelly (Slime:1)
  2 quicksilver oozes
  2 hydras (Lair:5)
  5 death yaks (Lair:3)
  A shining eye (Slime:2)
  4 elephants
  A cane toad (Lair:1)
  3 komodo dragons
  2 hornets (Lair:5)
  4 blink frogs
  19 slime creatures
  10 yaks
  A spriggan (Lair:5)
  A wyvern (Lair:5)
  A water moccasin (D:8)
  4 wolves (Lair:5)
  A kobold brigand (D:8)
  A bullfrog (Lair:1)
  A wight (D:8)
  A howler monkey (D:8)
  10 jellies (Lair:5)
  3 gnolls (D:8)
  An orc (D:8)
  An endoplasm (Lair:5)
  A kobold (D:8)
  A bush (Lair:3)
83 creatures vanquished.

Vanquished Creatures (others)
  A quicksilver ooze (Slime:1)
  A shining eye (Slime:1)
  A death yak zombie (Lair:3)
  A rime drake (Lair:3)
  2 komodo dragons
  A polar bear (Lair:3)
  2 slime creatures
  A yak (Lair:3)
  3 slime creature zombies
  A hornet zombie (Lair:5)
  3 wolves
  A blink frog zombie (Lair:5)
  A rime drake zombie (Lair:3)
  2 komodo dragon zombies
  A water moccasin zombie (Lair:2)
  A spriggan zombie (Lair:5)
  A polar bear zombie (Lair:3)
  2 yak zombies (Lair:3)
  4 wolf zombies
  3 bullfrog zombies (Lair:3)
  4 orc zombies (D:9)
  13 fungi
  16 plants
  4 snaplasher vines
70 creatures vanquished.

Grand Total: 294 creatures vanquished

Notes
Turn   | Place    | Note
-------+----------+-------------------------------------------
     0 | D:1      | redmage the Meteoran Earth Elementalist began the quest for
                  | the Orb.
     0 | D:1      | Reached XP level 1. HP: 14/14 MP: 5/5
    33 | D:1      | Reached XP level 2. HP: 13/20 MP: 1/7
    58 | D:1      | Found Zaodien's Weapon Shop.
    72 | D:1      | Reached XP level 3. HP: 26/26 MP: 5/8
    81 | D:1      | Learned a level 2 spell: Passwall
    85 | D:1      | Learned a level 3 spell: Stone Arrow
   283 | D:4      | Reached skill level 1 in Conjurations
   283 | D:4      | Reached XP level 4. HP: 33/33 MP: 7/10
   326 | D:3      | Found a broken altar of Ashenzari.
   332 | D:3      | Found a basalt altar of Yredelemnul.
   382 | D:3      | Reached XP level 5. HP: 38/38 MP: 10/12
   383 | D:3      | Found a transporter.
   384 | D:3      | Noticed Xrynn's ghost (amateur MiFi)
   384 | D:3      | Noticed an ogre
   399 | D:5      | Entered Level 5 of the Dungeon
   399 | D:5      | Noticed an ice beast
   426 | D:4      | Reached skill level 5 in Earth Magic
   452 | D:5      | Reached XP level 6. HP: 22/45 MP: 7/14
   493 | D:5      | Reached skill level 5 in Spellcasting
   683 | D:4      | You fall into a shaft and drop 1 floor!
   715 | D:6      | Reached XP level 7. HP: 38/50 MP: 2/15
   990 | D:7      | Reached XP level 8. HP: 57/57 MP: 11/18
  1006 | D:7      | Noticed a steam dragon
  1017 | D:7      | Killed a steam dragon
  1020 | D:7      | Found a staircase to the Ecumenical Temple.
  1026 | Temple   | Entered the Ecumenical Temple
  1056 | Temple   | Became a worshipper of Kikubaaqudgha
  1180 | D:9      | Noticed a two-headed ogre
  1210 | D:8      | Reached skill level 1 in Necromancy
  1232 | D:7      | Reached skill level 2 in Necromancy
  1232 | D:7      | Gained mutation: You passively map the area around you.
                  | [Meteoran growth]
  1232 | D:7      | Reached XP level 9. HP: 30/62 MP: 16/21
  1299 | D:8      | HP: 1/57 [wight/+0 mace (12)]
  1317 | D:8      | Noticed a gargoyle
  1334 | D:7      | Reached skill level 3 in Necromancy
  1341 | D:7      | Found Hiv Zaxu's Weapon Boutique.
  1357 | D:7      | Learned a level 5 spell: Summon Forest
  1403 | D:7      | Reached skill level 1 in Summonings
  1412 | D:7      | Reached skill level 1 in Translocations
  1478 | D:8      | Killed a gargoyle
  1529 | D:8      | Reached * piety under Kikubaaqudgha
  1529 | D:8      | Received a gift from Kikubaaqudgha
  1554 | D:8      | Reached skill level 5 in Summonings
  1558 | D:8      | Reached XP level 10. HP: 60/69 MP: 15/24
  1566 | D:8      | Learned a level 4 spell: Animate Dead
  1589 | D:8      | Reached skill level 4 in Necromancy
  1592 | D:8      | Reached skill level 5 in Necromancy
  1665 | D:8      | Reached ** piety under Kikubaaqudgha
  1666 | D:8      | Reached skill level 6 in Necromancy
  1672 | D:8      | Identified the +2 mace of the Jumping Gods {vorpal, Fly
                  | Str-2 Int+2}
  2024 | D:9      | Killed a two-headed ogre
  2025 | D:9      | Reached skill level 5 in Translocations
  2027 | D:9      | Found a staircase to the Lair.
  2034 | Lair:1   | Entered Level 1 of the Lair of Beasts
  2037 | Lair:1   | Noticed a cane toad
  2048 | Lair:1   | Reached skill level 5 in Fighting
  2053 | Lair:1   | Reached XP level 11. HP: 88/88 MP: 18/25
  2163 | Lair:2   | Noticed a minotaur
  2164 | Lair:2   | Noticed a black mamba
  2164 | Lair:2   | Noticed pparamo97's ghost (journeyman GrEE)
  2188 | Lair:2   | Reached skill level 10 in Fighting
  2201 | Lair:2   | Identified the +2 robe of Minor Irritation {rPois Int+3
                  | Slay+2 SInv}
  2234 | Lair:2   | Reached skill level 7 in Necromancy
  2254 | Lair:3   | Noticed a death yak
  2254 | Lair:3   | Noticed a death yak
  2254 | Lair:3   | Noticed a death yak
  2254 | Lair:3   | Noticed a death yak
  2254 | Lair:3   | Noticed a death yak
  2255 | Lair:3   | Noticed a death yak
  2267 | Lair:2   | Killed a death yak
  2270 | Lair:2   | Reached skill level 8 in Necromancy
  2325 | Lair:2   | Found a hole to the Spider Nest.
  2333 | Lair:2   | Found a dark tunnel.
  2343 | Volcano  | Entered a volcano
  2345 | Volcano  | Noticed a toenail golem
  2345 | Volcano  | Noticed a wizard
  2345 | Volcano  | Noticed a toenail golem
  2362 | Lair:2   | Found a staircase to the Shoals.
  2362 | Lair:2   | Noticed a merfolk siren
  2367 | Lair:2   | Noticed an elephant
  2367 | Lair:2   | Noticed an elephant
  2368 | Lair:2   | Noticed an elephant
  2373 | Lair:2   | Noticed an elephant
  2374 | Lair:2   | Noticed an elephant
  2396 | Lair:2   | Killed an elephant
  2396 | Lair:2   | Reached *** piety under Kikubaaqudgha
  2396 | Lair:2   | Received a gift from Kikubaaqudgha
  2397 | Lair:2   | Reached skill level 9 in Necromancy
  2397 | Lair:2   | Reached XP level 12. HP: 91/106 MP: 4/26
  2426 | Lair:2   | Learned a level 6 spell: Death Channel
  2433 | Lair:2   | Learned a level 6 spell: Simulacrum
  2471 | Lair:3   | Reached skill level 10 in Necromancy
  2471 | Lair:3   | Reached skill level 1 in Ice Magic
  2485 | Lair:3   | Killed a death yak
  2499 | Lair:3   | Killed a death yak
  2506 | Lair:3   | Killed a death yak
  2625 | Lair:3   | Reached skill level 11 in Necromancy
  2670 | Lair:3   | Reached skill level 5 in Ice Magic
  2722 | Lair:3   | Killed a death yak
  2726 | Lair:3   | Killed a death yak
  2727 | Lair:3   | Reached XP level 13. HP: 92/113 MP: 2/27
  2833 | Lair:4   | Identified the +0 scale mail "Jirytek" {Int+6}
  2842 | Lair:5   | Entered Level 5 of the Lair of Beasts
  2867 | Lair:5   | Reached skill level 12 in Necromancy
  2895 | Lair:5   | Noticed a five-headed hydra
  2919 | Lair:5   | Killed a five-headed hydra
  2967 | Lair:5   | Found a staircase to the Slime Pits.
  2974 | Lair:5   | Found a viscous altar of Jiyva.
  2974 | Lair:5   | Noticed an eight-headed hydra
  2980 | Lair:5   | Killed an eight-headed hydra
  2981 | Lair:5   | Reached skill level 10 in Spellcasting
  2984 | Lair:5   | Reached **** piety under Kikubaaqudgha
  3009 | Slime:1  | Entered Level 1 of the Pits of Slime
  3015 | Slime:1  | Noticed a quicksilver ooze
  3022 | Slime:1  | Killed a quicksilver ooze
  3031 | Slime:1  | Noticed an acid blob
  3037 | Slime:1  | Noticed an azure jelly
  3038 | Slime:1  | Killed an acid blob
  3039 | Slime:1  | Reached skill level 13 in Necromancy
  3045 | Slime:1  | Killed an azure jelly
  3065 | Slime:2  | Noticed a rockslime
  3068 | Slime:2  | Noticed a quicksilver ooze
  3076 | Slime:2  | Reached skill level 10 in Ice Magic
  3083 | Slime:2  | Reached skill level 14 in Necromancy
  3086 | Slime:2  | Reached XP level 14. HP: 27/121 MP: 12/29
  3086 | Slime:2  | HP: 3/121 [rockslime (42)]
  3087 | Slime:2  | Mangled by a rockslime

Illustrated notes

Levels and vault maps discovered:
D:1:      lordsloth_arrival_two_stooges, layout_rooms,
          hellmonk_ecumenical_altar_prayer_group, serial_shops, shop
D:2:      layout_basic, serial_shops, nicolae_shop_hallway_plus,
          minmay_misc_feat_plants
D:3:      layout_basic, mainiacjoe_overflow_large_starburst,
          gammafunk_ghost_smash, uniq_jessica
D:4:      layout_rooms, portal_sewer_entry_e, dreamdust_wishing_well
D:5:      layout_layer_cave, minmay_divided_ellipse
D:6:      layout_loops_corners, kennysheep_flooded_box
D:7:      layout_layer_cave, minmay_temple_entry_metal_lava, serial_shops,
          nicolae_shop_bloodbath_and_beyond
D:8:      layout_gridville, minmay_manual_monolith
D:9:      layout_long_grid, dpeg_oklobed_lair
Temple:   mainiacjoe_temple_cubbyholes
Lair:1:   layout_regular_city, dreamdust_gnoll_shepherd
Lair:2:   layout_hall_layers, minmay_shoals_entry_lonely_mermaid,
          spider_nest_entry_a, nicolae_volcano_entry_lava_flow,
          maelrawn_ghost_gauntlet_escape, serial_bayou_pond_a,
          lemuel_fruit_tree, grunt_megastairs_1
Lair:3:   layout_chaotic_city
Lair:4:   layout_loops_ring, grunt_megastairs_3, serial_bayou_shore_a
Lair:5:   minmay_lair_end_enchanted_forest, layout_big_grid,
          minmay_slime_entry_jelly_boxes, fungi_pond_lemuel,
          infiniplex_staircase_pool_2
Slime:1:  layout_caves, cheibrodos_slime_lost_civilization_4
Slime:2:  nicolae_slime_pool, layout_caves

Skill      XL: |  1  2  3  4  5  6  7  8  9 10 11 12 13 |
---------------+----------------------------------------+-----
Spellcasting   | 3 4 5 6 7 9 10 | 10.0
Earth Magic    | 4 5 7 8 |  8.0
Conjurations   | 1 3 4 |  4.0
Necromancy     | 2 3 6 9 11 14 | 14.0
Dodging        | 3 4 |  4.0
Summonings     | 5 7 8 |  8.0
Translocations | 3 5 8 |  8.0
Fighting       | 5 10 | 10.0
Ice Magic      | 6 10 | 10.0
Stealth        | |  1.4
Transmutations | |  1.2

Action                   |  1- 3 |  4- 6 |  7- 9 | 10-12 | 13-15 || total
-------------------------+-------+-------+-------+-------+-------++-------
Melee: Hand axe          |       |       |     8 |    12 |     4 ||    24
Throw: Dart              |       |       |     2 |       |       ||     2
 Cast: Sandblast         |    23 |    33 |    44 |    63 |    10 ||   173
       Passwall          |     1 |       |     6 |     1 |       ||     8
       Stone Arrow       |       |     6 |    34 |    70 |    12 ||   122
       Summon Forest     |       |       |     1 |     9 |     4 ||    14
       Animate Dead      |       |       |       |    13 |     4 ||    17
       Death Channel     |       |       |       |     5 |     4 ||     9
       Simulacrum        |       |       |       |       |     6 ||     6
Invok: Unearth Wretches  |       |       |       |     2 |     3 ||     5
Evoke: Wand              |       |       |       |     6 |     1 ||     7
  Use: Scroll            |     2 |       |     4 |     7 |     3 ||    16
       Potion            |       |       |     2 |     1 |     3 ||     6
 Stab: Paralysed         |       |       |       |     1 |     1 ||     2
       Distracted        |       |       |       |     1 |       ||     1
Armor: Robe              |     1 |     5 |     5 |    10 |     7 ||    28
Dodge: Dodged            |     4 |    11 |    35 |    41 |    12 ||   103
